 Dungeon Crawl Stone Soup version 0.26-a0-649-gf8c6c3aab7 (webtiles) character file.

Game seed: 5545354233616547823

45 DogServant the Ducker (level 3, 15/15 HPs)
             Began as a Felid Transmuter on Sept 26, 2020.
             Quit the game on level 4 of the Dungeon.
             The game lasted 00:04:22 (3076 turns).

DogServant the Ducker (Felid Transmuter)            Turns: 3076, Time: 00:04:23

Health: 15/15      AC:  1    Str:  6    XL:     3   Next: 42%
Magic:  7/7        EV: 19    Int: 14    God:
Gold:   171        SH:  0    Dex: 17    Spells: 0/6 levels left
                                        Lives:  0   Deaths: 1

rFire    . . .     SeeInvis +     - Unarmed
rCold    . . .     Faith    .   (shield unavailable)
rNeg     . . .     Spirit   .   (armour unavailable)
rPois    .         Reflect  .   (helmet unavailable)
rElec    .         Harm     .   (cloak unavailable)
rCorr    .         Rampage  .   (gloves unavailable)
MR       .....                  (boots unavailable)
Stlth    ++........             (no amulet)
HPRegen  0.05/turn              (no ring)
MPRegen  0.10/turn              (no ring)

@: quick
A: very small, no armour, no weapons or thrown items, stealth, claws 1, fangs 3,
see invisible, speed 1, shaggy fur 1, sharp paws
a: no special abilities


You were on level 4 of the Dungeon.
You visited 1 branch of the dungeon, and saw 4 of its levels.

You collected 171 gold pieces.

Inventory:

Jewellery
 g - a +4 ring of evasion
Scrolls
 a - 2 scrolls of magic mapping {unknown}
 b - 2 scrolls of remove curse {unknown}
 e - 3 scrolls of identify {unknown}
 f - 2 scrolls of amnesia {unknown}
 i - a scroll of teleportation {unknown}
 j - a scroll of noise {unknown}
 l - a scroll of enchant weapon {unknown}
Potions
 c - a potion of haste
 d - 3 potions of curing
 h - a potion of resistance {unknown}
 k - a potion of brilliance {unknown}
 m - a potion of cancellation {unknown}
 n - a potion of heal wounds


   Skills:
 - Level 1.0 Fighting
 - Level 3.8 Dodging
 - Level 0.2 Stealth
 + Level 3.8 Unarmed Combat
 - Level 2.0 Spellcasting
 + Level 3.5 Transmutations
 + Level 0.8 Poison Magic


You couldn't memorise any spells.
You knew the following spells:

 Your Spells              Type           Power        Failure   Level
a - Beastly Appendage     Tmut           ##....       5%          1
b - Wereblood             Tmut           ##......     9%          2
c - Spider Form           Tmut/Pois      #.........   28%         3

Your spell library contained the following spells:

 Spells                   Type           Power        Failure   Level
 Ice Form                 Ice/Tmut       #.......     75%         4
 Blade Hands              Tmut           ##........   83%         5


Dungeon Overview and Level Annotations

Branches:
Dungeon (4/15)
 Temple: D:4-7

Altars:

Annotations:
D:3 Purgy


Innate Abilities, Weirdness & Mutations

You cannot wear armour.
You are incapable of wielding weapons or throwing items.
Your paws allow you to move quietly. (Stealth)
You have sharp claws.
You have razor-sharp teeth.
You have supernaturally acute eyesight. (SInv)
You cover ground quickly.
You are covered in fur. (AC +1)
Your sharp claws are effective at attacking unaware monsters.


Message History

The orc wizard completely misses you.
You miss the orc wizard.
The orc wizard is heavily wounded.
Your transformation is almost over.
The orc wizard zaps a wand.
The bolt of acid hits you!!
Ouch! That really hurt!
You die...
Your shape twists and changes as you die.
You are splashed with acid!
You are now level 3!
Your horns disappear.
You rejoin the land of the living...
Unknown command.
Unknown command.
Unknown command.
You can't grasp things well enough to throw them.
Unknown command.
Search for what [? for help]?
Okay, then.
Are you sure you want to abandon this character and quit the game? (Confirm with "yes".)

############
#..........#
#..........#
#..........#
#......@...#
#..........#....+
#....##...###...#
#....##...###...#######.
#.....#...#.....#.....#.
#.....#...#.....#.....#.
#.....'...#.....#.....#.
#.....#...+.....#.....#.
#.....#...#.....#.....#.


There were no monsters in sight!

Vanquished Creatures
  A worker ant (D:4)
  A howler monkey skeleton (D:4)
  2 adders
  An ooze (D:4)
  2 worms
  A leopard gecko (D:1)
  An orc (D:4)
  2 giant cockroaches
  2 goblins
  2 hobgoblins
  A quokka (D:2)
  3 ball pythons
  8 bats
  A frilled lizard (D:4)
  7 kobolds
  2 rats
37 creatures vanquished.

Vanquished Creatures (others)
  An orc (D:4)
1 creature vanquished.

Grand Total: 38 creatures vanquished

Notes
Turn   | Place    | Note
-------+----------+-------------------------------------------
     0 | D:1      | DogServant the Felid Transmuter began the quest for the
                  | Orb.
     0 | D:1      | Reached XP level 1. HP: 9/9 MP: 4/4
   305 | D:1      | Reached XP level 2. HP: 12/12 MP: 4/6
  1281 | D:2      | Learned a level 2 spell: Wereblood
  1296 | D:2      | Reached XP level 3. HP: 5/15 MP: 7/7
  2028 | D:2      | Noticed an orc warrior
  2098 | D:3      | Noticed Purgy
  2210 | D:3      | Learned a level 3 spell: Spider Form
  2628 | D:4      | Reached XP level 4. HP: 19/19 MP: 6/8
  3075 | D:4      | Killed from afar by an orc wizard
  3076 | D:4      | Reached XP level 3. HP: -1/15 MP: 7/7
  3076 | D:4      | Quit the game

Illustrated notes

Levels and vault maps discovered:
D:1:      minmay_arrival_checkered_box, layout_basic,
          corexii_item_surrounded_by_moat, minmay_misc_feat_plants
D:2:      kennysheep_big_flooded_room, layout_basic
D:3:      lemuel_upstairs_altar, layout_basic, chequers_serial_rivers_micro_a,
          nrook_mini_vaults, uniq_purgy
D:4:      layout_gridville

Skill      XL: |  1  2  3 |
---------------+----------+-----
Dodging        | 3 |  3.8
Transmutations | 3 |  3.5
Fighting       | |  1.0
Stealth        | |  0.2
Unarmed Combat | |  3.8
Spellcasting   | |  2.0
Poison Magic   | |  0.8

Action                   |  1- 3 |  4- 6 || total
-------------------------+-------+-------++-------
Melee: Unarmed           |   105 |    30 ||   135
       Bite              |    10 |     4 ||    14
       Headbutt          |    11 |     7 ||    18
 Cast: Beastly Appendage |    21 |     4 ||    25
       Spider Form       |     1 |     1 ||     2
  Use: Potion            |       |     3 ||     3
 Stab: Sleeping          |     1 |       ||     1
Armor: Skin              |     3 |     1 ||     4
Dodge: Dodged            |    94 |    22 ||   116

Table legend: (Time is in decaauts)
 A = Elapsed time spent in this place.
 B = Non-inter-level travel time spent in this place.
 C = Inter-level travel time spent in this place.
 D = Time resting spent in this place.
 E = Time spent auto-exploring this place.
 F = Levels seen in this place.
 G = Mean time per level.
                   A        B        C        D        E       F      G
               +--------+--------+--------+--------+--------+-----+--------+
         Total |   2736 |   2690 |     46 |    608 |   1725 |   4 |  684.0 |
       Dungeon |   2736 |   2690 |     46 |    608 |   1725 |   4 |  684.0 |
               +--------+--------+--------+--------+--------+-----+--------+

Top non-repeatable levels by time:
     D:1: 1084 daAuts
     D:2: 741 daAuts
     D:4: 725 daAuts
     D:3: 184 daAuts
